 Dungeon Crawl Stone Soup version 0.16-a0-791-gf1c67de (webtiles) character file.

704 MrRokkomies the Skirmisher (level 7, -21/54 HPs)
             Began as a Formicid Fighter on Sept 27, 2014.
             Demolished by an ogre
             ... wielding a +0 giant club
              (27 damage)
             ... on Level 4 of the Dungeon on Sept 28, 2014.
             The game lasted 00:14:17 (3905 turns).

MrRokkomies the Skirmisher (Formicid Fighter)       Turns: 3905, Time: 00:14:17

HP -21/54        AC  9     Str 20      XL: 7   Next: 99%
MP   9/9         EV 10     Int  9      God:
Gold 99          SH 10     Dex 16      Spells:  0 memorised,  6 levels left

rFire  . . .     SeeInvis +     a - +0 long sword
rCold  . . .     Clarity  +     j - +0 chain mail
rNeg   . . .     rCorr    +     c - +0 shield
rPois  .         rRot     .     (helmet unavailable)
rElec  .         Spirit   .     (no cloak)
SustAb .         Warding  .     (no gloves)
rMut   .         Stasis   +     (no boots)
Gourm  .                        e - amulet of resist corrosion
MR     .....                    (no ring)
                                (no ring)

@: agile, not resistant to hostile enchantments, extremely unstealthy
A: permanent stasis, dig shafts and tunnels, four strong arms, antennae 3,
blurry vision 1, clarity, frail 1
a: Dig, Shaft Self


You were on level 4 of the Dungeon.
You were not hungry.

You visited 1 branch of the dungeon, and saw 4 of its levels.

You collected 99 gold pieces.

Inventory:

Hand weapons
 a - a +0 long sword (weapon)
 b - a +0 shortbow
Missiles
 g - 24 poisoned needles
 l - 14 arrows
Armour
 c - a +0 shield (worn)
 j - a +0 chain mail (worn)
Comestibles
 d - 2 bread rations
Scrolls
 i - a scroll of remove curse
Jewellery
 e - an amulet of resist corrosion (around neck)
Potions
 h - a potion of restore abilities
Books
 k - a book of Geomancy

   Spells                             Type                      Level
   Sandblast                          Earth                        1
   Stoneskin                          Transmutation/Earth          2
   Passwall                           Transmutation/Earth          3
   Stone Arrow                        Conjuration/Earth            3
   Petrify                            Transmutation/Earth          4
   Lee's Rapid Deconstruction         Earth                        5


   Skills:
 * Level 7.2 Fighting
 * Level 6.0 Long Blades
 - Level 3.2 Armour
 - Level 3.6 Shields


You had 6 spell levels left.
You didn't know any spells.

Dungeon Overview and Level Annotations

Branches:
Dungeon (4/15)
 Temple: D:4-7

Altars:
Makhleb
Xom


Innate Abilities, Weirdness & Mutations

Your are under a permanent stasis effect.
You can dig through walls and to a lower floor.
Your four strong arms can wield two-handed weapons with a shield.
You have a pair of large antennae on your head (SInv).
Your vision is a little blurry.
You possess an exceptional clarity of mind.
You are frail (-10% HP).


Message History

The ogre hits you with a giant club!!
* * * LOW HITPOINT WARNING * * *
You block the goblin's attack.
You slash the ogre!
The ogre is almost dead.
The goblin barely misses you. The ogre hits you with a giant club!
* * * LOW HITPOINT WARNING * * *
Read which item? (? for menu, Esc to quit)
Okay, then.
Drink which item? (? for menu, Esc to quit)
You feel agile all of a sudden. The goblin hits you but does no damage.
The ogre barely misses you.
You barely miss the ogre.
The ogre is almost dead.
The goblin hits you but does no damage. You block the ogre's attack.
Your shield and chain mail prevent you from hitting the ogre.
The ogre is almost dead.
You block the goblin's attack. The ogre hits you with a giant club!!
Ouch! That really hurt!
You die...

..............#####.#
.....########.# #.#
...%.# ..# #.# ..(.<#
{ .#. #.# .....#
.#.#####.# .....# #
#...[...# ..######.#
#.##...(## ..........
##..(()##.#
.######..#
#g@.......# .#
.......O.....#### ##
##...).....##
###>####.## ... ###
###


You could see an ogre and a goblin.

Vanquished Creatures
  Grinder (D:3)
  A centaur (D:4)
  A phantom (D:4)
  2 orc priests (D:4)
  3 orc wizards
  6 adders
  A gnoll (D:1)
  An inept feature mimic (D:4)
  A giant gecko (D:1)
  An ooze (D:2)
  14 orcs
  A ball python (D:1)
  12 bats
  5 giant cockroaches
  8 goblins
  10 hobgoblins
  8 jackals
  5 kobolds
  4 quokkas
  A giant gecko skeleton (D:4)
  2 giant newts (D:1)
  A hobgoblin skeleton (D:4)
  11 rats
100 creatures vanquished.

Notes
Turn   | Place    | Note
--------------------------------------------------------------
     0 | D:1      | MrRokkomies, the Formicid Fighter, began the quest for the Orb.
     0 | D:1      | Reached XP level 1. HP: 18/18 MP: 1/1
   120 | D:1      | Reached XP level 2. HP: 14/25 MP: 3/3
   379 | D:1      | Reached XP level 3. HP: 30/30 MP: 4/4
   461 | D:1      | Reached skill level 4 in Fighting
  1459 | D:2      | Found a shimmering altar of Xom.
  1499 | D:2      | Reached XP level 4. HP: 35/38 MP: 5/5
  2358 | D:3      | Reached skill level 5 in Fighting
  2358 | D:3      | Reached XP level 5. HP: 27/44 MP: 7/7
  2660 | D:3      | Noticed Grinder
  2694 | D:3      | Gained mutation: You possess an exceptional clarity of mind. [potion of mutation]
  2694 | D:3      | Gained mutation: Your vision is a little blurry. [potion of mutation]
  2694 | D:3      | Gained mutation: You are frail (-10% HP). [potion of mutation]
  2712 | D:3      | Killed Grinder
  2712 | D:3      | Reached skill level 6 in Fighting
  2712 | D:3      | Reached XP level 6. HP: 14/46 MP: 8/8
  2911 | D:3      | Reached XP level 7. HP: 37/52 MP: 9/9
  3012 | D:3      | Reached skill level 5 in Long Blades
  3085 | D:4      | the was a mimic.
  3560 | D:4      | Reached skill level 7 in Fighting
  3561 | D:4      | Found a burning altar of Makhleb.
  3561 | D:4      | Noticed an Executioner
  3570 | D:4      | Upgraded the game from 0.16-a0-787-g31dbbe7 to 0.16-a0-791-gf1c67de
  3905 | D:4      | Demolished by an ogre

Action                   |  1- 3 |  4- 6 |  7- 9 || total
-------------------------+-------+-------+-------++-------
Melee: Long sword        |   101 |   127 |   126 ||   354
 Fire: Shortbow          |       |       |     7 ||     7
 Abil: Dig               |       |     2 |     2 ||     4
  Use: Scroll            |     3 |     1 |     5 ||     9
       Potion            |       |     4 |     1 ||     5
  Eat: Chunk             |     2 |     4 |     3 ||     9
       Pizza             |       |       |     1 ||     1
